 Dungeon Crawl Stone Soup version 0.29.1-1-gd02db69 (webtiles) character file.

Game seed: 9675901562447474095

674 bonegar the Sneak (level 7, 0/56 (60) HPs)
             Began as a Naga Enchanter on Mar 13, 2023.
             Was an Initiate of Dithmenos.
             Slain by a wight
             ... wielding a +1 short sword of venom
              (8 damage)
             ... on level 5 of the Dungeon.
             The game lasted 00:49:15 (5115 turns).

bonegar the Sneak (Naga Enchanter)                  Turns: 5115, Time: 00:49:15

HP:   0/56 (60)     AC: 10    Str:  8 (10) XL:     7   Next: 59%
MP:   10/10         EV: 12    Int: 11 (14) God:    Dithmenos [......]
Gold: 143           SH:  0    Dex: 14 (17) Spells: 3/10 levels left

rFire   . . .      SeeInvis +   k - +1 short sword (venom)
rCold   . . .      Faith    .   (no shield)
rNeg    . . .      Spirit   .   u - +5 ring mail of Impermeability {Rampage}
rPois   +          Reflect  .   (helmet restricted)
rElec   .          Harm     .   (no cloak)
rCorr   .          Rampage  +   (no gloves)
Will    .....                   (no barding)
Stlth   +++.......              (no amulet)
HPRegen 0.18/turn               q - +4 ring of evasion
MPRegen 0.12/turn               (no ring)

@: mighty, brilliant, lethally poisoned (0 -> -7), drained, very slow
A: AC +2, large, see invisible, deformed body, poison resistance, slowness 2,
spit poison 1, naga tail 1, antennae 1, agile 1, noise suppression
a: Spit Poison, Renounce Religion


You were on level 5 of the Dungeon.
You worshipped Dithmenos.
Dithmenos was noncommittal.
You visited 2 branches of the dungeon, and saw 6 of its levels.
You also visited: Sewer.

You collected 143 gold pieces.

Inventory:

Hand Weapons
 a - a +1 dagger
 i - a +1 dagger of speed
 k - a +1 short sword of venom (weapon)
 s - a +2 vorpal trident
 y - a +0 short sword
Missiles
 p - a throwing net (quivered)
Armour
 o - the +1 robe of the Nexus {rF+}
   (You found it on level 2 of the Dungeon)

   rF:        It protects you from fire.
 u - the +5 ring mail of Impermeability (worn) {Rampage}
   (You found it on level 3 of the Dungeon)

   Rampage:   It bestows one free step when moving towards enemies.
Jewellery
 q - a +4 ring of evasion (left hand)
Wands
 r - a wand of iceblast (10)
Scrolls
 d - 3 scrolls of magic mapping
 g - a scroll of brand weapon {unknown}
 l - 5 scrolls of teleportation
 v - a scroll of amnesia {unknown}
 w - a scroll of fear {unknown}
 x - a scroll of summoning {unknown}
Potions
 h - a potion of mutation
 j - a potion of berserk rage
 n - 3 potions of attraction


   Skills:
 + Level 2.2 Fighting
 + Level 2.8 Short Blades
 + Level 2.8 Throwing
 + Level 1.8 Armour
 + Level 2.9 Dodging
 + Level 7.8 Stealth
 + Level 2.2 Spellcasting
 + Level 3.4 Hexes


You had 3 spell levels left.
You knew the following spells:

 Your Spells              Type           Power      Damage    Failure   Level
a - Tukima's Dance        Hex            13%        N/A       52%         3
b - Animate Dead          Necr           1%         N/A       100%        4

Your spell library contained the following spells:

 Spells                   Type           Power      Damage    Failure   Level
 Confusing Touch          Hex            13%        N/A       52%         3
 Ensorcelled Hibernation  Hex/Ice        14%        N/A       54%         2
 Dazzling Flash           Conj/Hex       14%        N/A       77%         3
 Borgnjor's Vile Clutch   Necr/Erth      0%         N/A       100%        5
 Death Channel            Necr           0%         N/A       100%        6


Dungeon Overview and Level Annotations

Branches:
Dungeon (5/15)             Temple (1/1) D:4           Sewer (visited)

Altars:
Ashenzari
Dithmenos
Elyvilon
Fedhas
Gozag
Hepliaklqana
Nemelex Xobeh
Sif Muna
Trog
Uskayaw
Xom
Zin

Shops:
D:3 *   D:4 *((


Innate Abilities, Weirdness & Mutations

Your serpentine skin is tough. (AC +2)
You have supernaturally acute eyesight. (SInv)
Armour fits poorly on your strangely shaped body.
Your system is resistant to poisons. (rPois)
You cover ground very slowly.
You can spit poison.
You have a snake-like lower body.
You have a pair of small antennae on your head.
You are agile. (Dex +4, Str/Int -1)
You passively dampen the noise of your surroundings.


Message History

You feel drained.
You hit the wight but do no damage.
The wight is moderately damaged.
The wight misses you.
You puncture the wight!
The wight is severely damaged.
The wight hits you with a +1 short sword of venom.
You closely miss the wight.
The wight is severely damaged.
You flicker back into view.
The wight hits you but does no damage.
You are poisoned.
You feel better. The wight closely misses you. The wight completely misses you.
It was a potion of degeneration.
There was something very wrong with that liquid.
You feel weakened.
You feel dopey.
You feel clumsy. The wight hits you but does no damage.
The wight closely misses you.
You feel better.
The orc shouts!
The wight barely misses you. The wight hits you but does no damage.
You feel clever all of a sudden.
The wight hits you with a +1 short sword of venom!
You are poisoned.
The wight hits you with a +4 great sword!
You barely miss the wight. You punch the wight!
The wight is heavily damaged.
You feel very sick. The wight closely misses you. x2
You hit the wight but do no damage.
The wight is heavily damaged.
You feel sick.
The wight hits you with a +1 short sword of venom.
* * * LOW HITPOINT WARNING * * *
You feel drained. The wight closely misses you.
You barely miss the wight.
The wight is heavily damaged.
* * * LOW HITPOINT WARNING * * *
You feel very sick.
The wight hits you with a +1 short sword of venom!
You die...

................#
#..............#
#......).......#
#......).......##
#####.............
#..........##.
#..........# #
###'########
#....@).#
#....zz.#
#....o..#
......(......
####.......#...
..#...........
##.#......#.#.#
#.#......###..
#......+


You could see 2 wights and an orc.

Vanquished Creatures
  Pargi (Sewer)
  A scorpion (D:4)
  3 wights (D:5)
  A howler monkey (D:5)
  A hound (D:3)
  An orc priest (D:3)
  An iguana (D:4)
  Jessica (D:3)
  2 orc wizards (D:4)
  4 gnolls (D:4)
  5 adders
  2 worms
  3 dart slugs
  7 orcs
  5 endoplasms
  2 giant cockroaches (D:4)
  5 goblins
  5 hobgoblins
  A quokka (D:3)
  7 ball pythons
  4 bats
  7 frilled lizards
  7 kobolds
  2 rats (D:1)
78 creatures vanquished.

Vanquished Creatures (others)
  4 plants (D:2)
4 creatures vanquished.

Grand Total: 82 creatures vanquished

Notes
Turn   | Place    | Note
-------+----------+-------------------------------------------
     0 | D:1      | bonegar the Naga Enchanter began the quest for the Orb.
     0 | D:1      | Reached XP level 1. HP: 15/15 MP: 3/3
   244 | D:1      | Reached XP level 2. HP: 18/22 MP: 5/5
   368 | D:1      | Found a faded altar of an unknown god.
   477 | D:1      | Reached skill level 5 in Stealth
  1110 | D:2      | Reached XP level 3. HP: 28/28 MP: 6/6
  1552 | D:2      | Identified the +1 robe of the Nexus {rF+}
  1785 | D:2      | Reached XP level 4. HP: 33/37 MP: 7/7
  1797 | D:2      | Learned a level 3 spell: Tukima's Dance
  1943 | D:2      | Learned a level 4 spell: Animate Dead
  2642 | D:3      | Found a bloodstained altar of Trog.
  2653 | D:3      | Found Kudaucesch's General Store.
  2662 | D:3      | Reached skill level 6 in Stealth
  2771 | D:3      | Found a glowing drain.
  2776 | Sewer    | Entered a sewer
  2847 | Sewer    | Noticed Pargi
  2858 | Sewer    | Killed Pargi
  2859 | Sewer    | Reached skill level 1 in Fighting
  2859 | Sewer    | Reached skill level 1 in Throwing
  2859 | Sewer    | Reached skill level 7 in Stealth
  2859 | Sewer    | Reached XP level 5. HP: 35/44 MP: 8/8
  3119 | D:3      | Identified the +5 ring mail of Impermeability {Rampage}
  3390 | D:3      | Noticed Jessica
  3392 | D:3      | Killed Jessica
  3393 | D:3      | Reached XP level 6. HP: 51/51 MP: 9/9
  3530 | D:4      | Found a white marble altar of Elyvilon.
  3562 | D:4      | Gained mutation: You passively dampen the noise of your
                  | surroundings. [potion of mutation]
  3562 | D:4      | Gained mutation: You are agile. (Dex +4, Str/Int -1)
                  | [potion of mutation]
  3562 | D:4      | Gained mutation: You have a pair of small antennae on your
                  | head. [potion of mutation]
  3935 | D:4      | Reached XP level 7. HP: 58/58 MP: 10/10
  4036 | D:4      | Reached skill level 1 in Armour
  4222 | D:4      | Found a staircase to the Ecumenical Temple.
  4231 | Temple   | Entered the Ecumenical Temple
  4334 | Temple   | Became a worshipper of Dithmenos the Shadowed
  4685 | D:4      | Found Vywitept's Weapon Shop.
  4690 | D:4      | Found Fasop's General Store.
  4695 | D:4      | Found Fuukleiwn's Weapon Shop.
  4919 | D:5      | Entered Level 5 of the Dungeon
  4973 | D:5      | Found a broken altar of Ashenzari.
  5115 | D:5      | Slain by a wight

Illustrated notes

Levels and vault maps discovered:
D:1:      dpeg_arrival_leaves_temple_mockup, layout_loops_ring,
          dreamdust_ecumenical_altar_statues
D:2:      layout_basic, serial_forest, infiniplex_forest_lined_2,
          infiniplex_forest_clump_cross, infiniplex_forest_clump_small,
          infiniplex_forest_clump_small, infiniplex_forest_clump_long,
          grunt_ministairs_15
D:3:      layout_basic, lemuel_doored_altar, serial_shops, shop,
          portal_sewer_entry_e, serial_bayou_crossing, uniq_jessica
D:4:      layout_basic, elyvilon_altar_5, minmay_temple_entry_poolview,
          nicolae_wooded_promenade
D:5:      layout_basic, nicolae_tso_besieged_by_evil,
          mainiacjoe_overflow_tiny_flanked, kennysheep_minor_cross
Temple:   jpeg_temple_island

Skill      XL: |  1  2  3  4  5  6  7 |
---------------+----------------------+-----
Stealth        | 5 7 |  7.8
Fighting       | 1 2 |  2.2
Short Blades   | 2 |  2.8
Throwing       | 1 2 |  2.8
Dodging        | 2 |  2.9
Armour         | 1 |  1.8
Spellcasting   | |  2.2
Hexes          | |  3.4

Action                   |  1- 3 |  4- 6 |  7- 9 || total
-------------------------+-------+-------+-------++-------
Melee: Dagger            |    52 |       |       ||    52
       Short sword       |    36 |    40 |    48 ||   124
       Punch             |     1 |       |     1 ||     2
Throw: Dart              |     3 |    31 |    11 ||    45
       Stone             |       |     6 |       ||     6
       Throwing net      |       |       |     4 ||     4
  Use: Scroll            |     4 |     1 |     1 ||     6
       Potion            |       |    10 |     8 ||    18
 Stab: Sleeping          |    10 |     2 |       ||    12
       Invisible         |       |     1 |     1 ||     2
Armor: Robe              |    12 |     4 |       ||    16
       Ring mail         |       |    48 |     9 ||    57
Dodge: Dodged            |    41 |    57 |    44 ||   142
